| TOP OF THE 1ST |
|
Cedar Rapids Kernels batting - Pitching for Delmarva Shorebirds : RHP Ryan Kotter
|
|
Pitching: RHP Ryan Kotter
|
|
|
Batting: RHB Kevin Harris
|
0-0: Foul Ball, location: 2F 0-1: Foul Ball, location: 2F 0-2: Foul Ball, location: 2F 0-2: SINGLE (Line Drive, 34, EV 106.2 MPH)
|
|
Batting: RHB Steve Raine
|
0-0: Ball 1-0: Called Strike 1-1: Ball 2-1: Ball 3-1: Grounds into double play, 6-4-3 (Groundball, 6, EV 100.0 MPH)
|
|
Batting: LHB Kuemon Shishido
|
0-0: Ball 1-0: Ground out 4-3 (Groundball, 34, EV 86.9 MPH)
|
| Top of the 1st over - 0 runs, 1 hit, 0 errors, 0 left on base; Cedar Rapids 0 - Delmarva 0 |
| BOTTOM OF THE 1ST |
|
Delmarva Shorebirds batting - Pitching for Cedar Rapids Kernels : LHP Jon Lizarraga
|
|
Pitching: LHP Jon Lizarraga
|
|
|
Batting: RHB Josh Hopp
|
0-0: Ball 1-0: Ball 2-0: Called Strike 2-1: Ball 3-1: SINGLE (Groundball, 56D, EV 103.1 MPH)
|
|
Batting: RHB Wes Reynolds
|
0-0: Called Strike 0-1: Called Strike 0-2: Fielders Choice at 2nd, 6-4 (Groundball, 6S, EV 88.1 MPH)
|
|
Batting: RHB Daniel Jackson
|
0-0: Grounds into double play, 4-6-3 (Groundball, 4, EV 76.2 MPH)
|
| Bottom of the 1st over - 0 runs, 1 hit, 0 errors, 0 left on base; Cedar Rapids 0 - Delmarva 0 |
| TOP OF THE 2ND |
|
Cedar Rapids Kernels batting - Pitching for Delmarva Shorebirds : RHP Ryan Kotter
|
|
Batting: LHB Shaun Price
|
0-0: Foul Ball, location: 2F 0-1: Foul Ball, location: 2F 0-2: Strikes out swinging
|
|
Batting: RHB Nate Matson
|
0-0: Called Strike 0-1: Called Strike 0-2: Foul Ball, location: 2F 0-2: Ball 1-2: SINGLE (Groundball, 6MD, EV 103.1 MPH)
|
|
Batting: LHB Marvin Shepherd
|
0-0: Foul Ball, location: 2F 0-1: Foul Ball, location: 2F 0-2: Fielders Choice at 2nd, 6-4 (Groundball, 6, EV 99.4 MPH)
|
|
Batting: LHB Hector Olvera
|
0-0: Called Strike 0-1: Fly out, F8 (Line Drive, 8LD, EV 94.4 MPH)
|
| Top of the 2nd over - 0 runs, 1 hit, 0 errors, 1 left on base; Cedar Rapids 0 - Delmarva 0 |
| BOTTOM OF THE 2ND |
|
Delmarva Shorebirds batting - Pitching for Cedar Rapids Kernels : LHP Jon Lizarraga
|
|
Batting: RHB Luke Vaccarino
|
0-0: Ball 1-0: Ground out 1-3 (Groundball, 23, EV 69.4 MPH)
|
|
Batting: RHB Maup Gommers
|
0-0: Called Strike 0-1: Called Strike 0-2: Strikes out swinging
|
|
Batting: RHB Ethan Finke
|
0-0: Ball 1-0: Fly out, F4 (Popup, 3DF, EV 66.2 MPH)
|
| Bottom of the 2nd over - 0 runs, 0 hits, 0 errors, 0 left on base; Cedar Rapids 0 - Delmarva 0 |
| TOP OF THE 3RD |
|
Cedar Rapids Kernels batting - Pitching for Delmarva Shorebirds : RHP Ryan Kotter
|
|
Batting: RHB Dave Berry
|
0-0: SINGLE (Line Drive, 56, EV 101.2 MPH)
|
|
Batting: RHB Antonio Santos
|
0-0: Called Strike 0-1: Foul Ball, location: 2F 0-2: Ball 1-2: Strikes out swinging
|
|
Batting: RHB Kevin Harris
|
0-0: Foul Ball, location: 2F 0-1: Ball 1-1: Foul Ball, location: 2F 1-2: Ground out 4-3 (Groundball, 4S, EV 69.4 MPH) Dave Berry to second
|
|
Batting: RHB Steve Raine
|
0-0: Swinging Strike 0-1: Fly out, F3 (Popup, 3F, EV 75.0 MPH)
|
| Top of the 3rd over - 0 runs, 1 hit, 0 errors, 1 left on base; Cedar Rapids 0 - Delmarva 0 |
| BOTTOM OF THE 3RD |
|
Delmarva Shorebirds batting - Pitching for Cedar Rapids Kernels : LHP Jon Lizarraga
|
|
Batting: RHB Mike Pitts
|
0-0: Called Strike 0-1: Ball 1-1: Foul Ball, location: 2F 1-2: Ball 2-2: Foul Ball, location: 2F 2-2: Foul Ball, location: 2F 2-2: Ball 3-2: Ground out 1-3 (Groundball, P, EV 70.6 MPH)
|
|
Batting: LHB Eric Jackson
|
0-0: Swinging Strike 0-1: Called Strike 0-2: Fly out, F8 (Flyball, 89D, EV 86.9 MPH)
|
|
Batting: RHB Ken Manser
|
0-0: Ball 1-0: Swinging Strike 1-1: Called Strike 1-2: Ball 2-2: Foul Ball, location: 2F 2-2: Ball 3-2: Strikes out looking
|
| Bottom of the 3rd over - 0 runs, 0 hits, 0 errors, 0 left on base; Cedar Rapids 0 - Delmarva 0 |
| TOP OF THE 4TH |
|
Cedar Rapids Kernels batting - Pitching for Delmarva Shorebirds : RHP Ryan Kotter
|
|
Batting: LHB Kuemon Shishido
|
0-0: Called Strike 0-1: Ball 1-1: SINGLE (Line Drive, 9S, EV 106.9 MPH)
|
|
Batting: LHB Shaun Price
|
0-0: Ball 1-0: Foul Ball, location: 2F 1-1: Swinging Strike 1-2: Ball 2-2: Ball 3-2: Foul Ball, location: 2F 3-2: Strikes out swinging
|
|
Batting: RHB Nate Matson
|
0-0: Ball 1-0: Ball 2-0: Grounds into double play, 4-6-3 (Groundball, 4MD, EV 110.0 MPH)
|
| Top of the 4th over - 0 runs, 1 hit, 0 errors, 0 left on base; Cedar Rapids 0 - Delmarva 0 |
| BOTTOM OF THE 4TH |
|
Delmarva Shorebirds batting - Pitching for Cedar Rapids Kernels : LHP Jon Lizarraga
|
|
Batting: RHB Josh Hopp
|
0-0: Fly out, F8 (Flyball, 8RD, EV 85.6 MPH)
|
|
Batting: RHB Wes Reynolds
|
0-0: Ball 1-0: Foul Ball, location: 2F 1-1: Ball 2-1: Ball 3-1: Base on Balls
|
|
Batting: RHB Daniel Jackson
|
0-0: Called Strike Wes Reynolds steals 2nd base (no throw) 0-1: SINGLE (Groundball, 6D, EV 94.4 MPH) Wes Reynolds to third Runner from 3rd tries for Home, SAFE, throw by LF to home
|
|
Batting: RHB Luke Vaccarino
|
0-0: Foul Ball, location: 2F 0-1: Swinging Strike 0-2: Ball 1-2: Strikes out swinging
|
|
Batting: RHB Maup Gommers
|
0-0: Ball 1-0: Called Strike 1-1: Swinging Strike 1-2: Ground out 4-3 (Groundball, 4, EV 90.0 MPH)
|
| Bottom of the 4th over - 1 run, 1 hit, 0 errors, 1 left on base; Cedar Rapids 0 - Delmarva 1 |
| TOP OF THE 5TH |
|
Cedar Rapids Kernels batting - Pitching for Delmarva Shorebirds : RHP Ryan Kotter
|
|
Batting: LHB Marvin Shepherd
|
0-0: Ball 1-0: Ball 2-0: Ball 3-0: Base on Balls
|
|
Batting: LHB Hector Olvera
|
0-0: Ball 1-0: Fly out, F6 (Line Drive, 6, EV 65.6 MPH)
|
|
Batting: RHB Dave Berry
|
0-0: SINGLE (Line Drive, 7S, EV 101.9 MPH) Marvin Shepherd to second
|
|
Batting: RHB Antonio Santos
|
0-0: Ball 1-0: Ball 2-0: Ball 3-0: Called Strike 3-1: Foul Ball, location: 2F 3-2: Grounds into double play, 5-4-3 (Groundball, 56, EV 106.2 MPH)
|
| Top of the 5th over - 0 runs, 1 hit, 0 errors, 1 left on base; Cedar Rapids 0 - Delmarva 1 |
| BOTTOM OF THE 5TH |
|
Delmarva Shorebirds batting - Pitching for Cedar Rapids Kernels : LHP Jon Lizarraga
|
|
Batting: RHB Ethan Finke
|
0-0: Ball 1-0: Called Strike 1-1: Ball 2-1: Ground out U3 (Groundball, 34, EV 105.0 MPH)
|
|
Batting: RHB Mike Pitts
|
0-0: Ball 1-0: Ball 2-0: Ball 3-0: Called Strike 3-1: Foul Ball, location: 2F 3-2: Foul Ball, location: 2F 3-2: Base on Balls
|
|
Batting: LHB Eric Jackson
|
0-0: Ball 1-0: Ball 2-0: Called Strike 2-1: Swinging Strike 2-2: Ball 3-2: Reached on error, E2 (Groundball, 13S, EV 76.2 MPH) Mike Pitts to second
|
|
Batting: RHB Ken Manser
|
0-0: Foul Ball, location: 2F 0-1: Ball 1-1: Foul Ball, location: 2F 1-2: Ball 2-2: Ball 3-2: Strikes out swinging
|
|
Batting: RHB Josh Hopp
|
0-0: Ball 1-0: Foul Ball, location: 2F 1-1: Foul Ball, location: 2F 1-2: Ball 2-2: Ball 3-2: 3-RUN HOME RUN (Flyball, 7D, EV 94.4 MPH), Distance : 365 ft
|
|
Batting: RHB Wes Reynolds
|
0-0: Ball 1-0: DOUBLE (Line Drive, 78D, EV 106.9 MPH)
|
|
Batting: RHB Daniel Jackson
|
0-0: Called Strike 0-1: Ground out 6-3 (Groundball, 6, EV 83.8 MPH)
|
| Bottom of the 5th over - 3 runs, 2 hits, 1 error, 1 left on base; Cedar Rapids 0 - Delmarva 4 |
| TOP OF THE 6TH |
|
Cedar Rapids Kernels batting - Pitching for Delmarva Shorebirds : RHP Ryan Kotter
|
|
Batting: RHB Kevin Harris
|
0-0: Called Strike 0-1: Swinging Strike 0-2: Foul Ball, location: 2F 0-2: Ball 1-2: Ground out 5-3 (Groundball, 56, EV 85.6 MPH)
|
|
Batting: RHB Steve Raine
|
0-0: Called Strike 0-1: Ball 1-1: Foul Ball, location: 2F 1-2: Foul Ball, location: 2F 1-2: Ball 2-2: Ball 3-2: SOLO HOME RUN (Flyball, 78XD, EV 108.1 MPH), Distance : 432 ft
|
|
Batting: LHB Kuemon Shishido
|
0-0: Ball 1-0: Foul Ball, location: 2F 1-1: SINGLE (Groundball, 4MD, EV 96.9 MPH)
|
|
Batting: LHB Shaun Price
|
0-0: Ball 1-0: Foul Ball, location: 2F 1-1: Ball 2-1: Ball 3-1: Swinging Strike 3-2: Fly out, F7 (Flyball, 7, EV 89.4 MPH)
|
|
Batting: RHB Nate Matson
|
0-0: Ball 1-0: Ball 2-0: Swinging Strike 2-1: Ball Wild Pitch! Kuemon Shishido to second 3-1: DOUBLE (Flyball, 8RXD, EV 101.2 MPH) Kuemon Shishido scores
|
|
Batting: LHB Marvin Shepherd
|
0-0: Fly out, F8 (Flyball, 8LS, EV 92.5 MPH)
|
| Top of the 6th over - 2 runs, 3 hits, 0 errors, 1 left on base; Cedar Rapids 2 - Delmarva 4 |
| BOTTOM OF THE 6TH |
|
Delmarva Shorebirds batting - Pitching for Cedar Rapids Kernels : LHP Jon Lizarraga
|
|
Pitching: RHP Bruce Wight
|
|
|
Batting: RHB Luke Vaccarino
|
0-0: Called Strike 0-1: Ball 1-1: Ball 2-1: SINGLE (Groundball, 6MD, EV 101.9 MPH) (infield hit)
|
|
Batting: RHB Maup Gommers
|
0-0: Ball 1-0: Ball 2-0: SINGLE (Groundball, 4MD, EV 93.8 MPH) Luke Vaccarino to second
|
|
Batting: RHB Ethan Finke
|
0-0: Called Strike 0-1: Swinging Strike 0-2: Strikes out swinging
|
|
Batting: RHB Mike Pitts
|
0-0: Ball 1-0: Ball 2-0: Ball Passed Ball! Luke Vaccarino to third Maup Gommers to second 3-0: Base on Balls
|
|
Batting: LHB Eric Jackson
|
0-0: Ball 1-0: Swinging Strike 1-1: Foul Ball, location: 2F 1-2: Strikes out swinging
|
|
Batting: RHB Ken Manser
|
0-0: Ball 1-0: Ball 2-0: Foul Ball, location: 2F 2-1: Swinging Strike 2-2: Strikes out looking
|
| Bottom of the 6th over - 0 runs, 2 hits, 0 errors, 3 left on base; Cedar Rapids 2 - Delmarva 4 |
| TOP OF THE 7TH |
|
Cedar Rapids Kernels batting - Pitching for Delmarva Shorebirds : RHP Ryan Kotter
|
|
Batting: LHB Hector Olvera
|
0-0: Ground out 4-3 (Groundball, 4S, EV 74.4 MPH)
|
|
Batting: RHB Dave Berry
|
0-0: Ball 1-0: Ball 2-0: SINGLE (Groundball, 6MD, EV 96.9 MPH)
|
|
Pitching: RHP Craig Potter
|
|
|
Batting: RHB Antonio Santos
|
0-0: Grounds into double play, 5-4-3 (Groundball, 56, EV 86.2 MPH)
|
| Top of the 7th over - 0 runs, 1 hit, 0 errors, 0 left on base; Cedar Rapids 2 - Delmarva 4 |
| BOTTOM OF THE 7TH |
|
Delmarva Shorebirds batting - Pitching for Cedar Rapids Kernels : RHP Bruce Wight
|
|
Pitching: LHP Josh Armstrong
|
|
|
Batting: RHB Josh Hopp
|
0-0: Ball 1-0: Called Strike 1-1: Foul Ball, location: 2F 1-2: Ball 2-2: Ball 3-2: Base on Balls
|
|
Batting: RHB Wes Reynolds
|
0-0: SINGLE (Line Drive, 89M, EV 92.5 MPH) Josh Hopp to second Josh Hopp to third
|
|
Batting: RHB Daniel Jackson
|
0-0: Foul Ball, location: 2F 0-1: Swinging Strike 0-2: Ball 1-2: Fly out, F9 (Flyball, 9, EV 90.0 MPH) Runner from 3rd tags up, OUT at HOME! 9-2 Wes Reynolds to second
|
|
Batting: RHB Luke Vaccarino
|
0-0: Ball 1-0: Swinging Strike 1-1: Ground out 6-3 (Groundball, 6, EV 88.8 MPH)
|
| Bottom of the 7th over - 0 runs, 1 hit, 0 errors, 1 left on base; Cedar Rapids 2 - Delmarva 4 |
| TOP OF THE 8TH |
|
Cedar Rapids Kernels batting - Pitching for Delmarva Shorebirds : RHP Craig Potter
|
|
Batting: RHB Kevin Harris
|
0-0: Ball 1-0: Swinging Strike 1-1: Foul Ball, location: 2F 1-2: Foul Ball, location: 2F 1-2: Strikes out swinging
|
|
Batting: RHB Steve Raine
|
0-0: Called Strike 0-1: Swinging Strike 0-2: Ball 1-2: Ground out 4-3 (Groundball, 4M, EV 98.1 MPH)
|
|
Batting: LHB Kuemon Shishido
|
0-0: Called Strike 0-1: Ground out U3 (Groundball, 34, EV 98.8 MPH)
|
| Top of the 8th over - 0 runs, 0 hits, 0 errors, 0 left on base; Cedar Rapids 2 - Delmarva 4 |
| BOTTOM OF THE 8TH |
|
Delmarva Shorebirds batting - Pitching for Cedar Rapids Kernels : LHP Josh Armstrong
|
|
Pitching: RHP Andrew Rich
|
|
|
Batting: RHB Maup Gommers
|
0-0: Called Strike 0-1: Fly out, F8 (Flyball, 8LXD, EV 89.4 MPH)
|
|
Batting: RHB Ethan Finke
|
0-0: Called Strike 0-1: SINGLE (Groundball, 34D, EV 110.6 MPH)
|
|
Batting: RHB Mike Pitts
|
0-0: Ball 1-0: Foul Ball, location: 2F 1-1: Ball 2-1: SINGLE (Groundball, 34D, EV 103.1 MPH) Ethan Finke to second Runner from 2nd tries for 3rd, SAFE, throw by RF made to third
|
|
Batting: LHB Eric Jackson
|
0-0: Ball 1-0: Ball 2-0: Ball 3-0: Base on Balls Mike Pitts to second
|
|
Batting: RHB Ken Manser
|
0-0: Ball 1-0: Ball 2-0: Grounds into fielders choice 4-2 (Groundball, 4S, EV 93.1 MPH) Mike Pitts to third Eric Jackson to second
|
|
Batting: RHB Josh Hopp
|
0-0: Called Strike 0-1: Called Strike 0-2: Ground out U3 (Groundball, 3S, EV 81.9 MPH)
|
| Bottom of the 8th over - 0 runs, 2 hits, 0 errors, 3 left on base; Cedar Rapids 2 - Delmarva 4 |
| TOP OF THE 9TH |
|
Cedar Rapids Kernels batting - Pitching for Delmarva Shorebirds : RHP Craig Potter
|
|
Pitching: RHP Manny Rolfe
|
|
|
Batting: LHB Shaun Price
|
0-0: DOUBLE (Line Drive, 89XD, EV 105.6 MPH)
|
|
Batting: RHB Nate Matson
|
0-0: Ball 1-0: Ball 2-0: Called Strike 2-1: Ball 3-1: Foul Ball, location: 2F 3-2: Ground out 6-3 (Groundball, 56D, EV 86.2 MPH)
|
|
Batting: LHB Marvin Shepherd
|
0-0: Ball 1-0: Foul Ball, location: 2F 1-1: Ball 2-1: Swinging Strike 2-2: Ground out 6-3 (Groundball, 6, EV 88.1 MPH)
|
|
Batting: LHB Hector Olvera
|
0-0: Called Strike 0-1: Ball 1-1: Ground out 5-3 (Groundball, 5, EV 80.6 MPH)
|
| Top of the 9th over - 0 runs, 1 hit, 0 errors, 1 left on base; Cedar Rapids 2 - Delmarva 4 |
|